 Dungeon Crawl Stone Soup version 0.29-a0-559-g359e09b9d1 (webtiles) character file.

Game seed: 8641155062627966731

343 siradein the Poker (level 6, -8/55 HPs)
             Began as a Minotaur Berserker on June 10, 2022.
             Was a Believer of Trog.
             Mangled by an ogre
             ... wielding a +0 giant club
              (16 damage)
             ... on level 3 of the Dungeon.
             The game lasted 00:10:43 (2488 turns).

siradein the Poker (Minotaur Berserker)             Turns: 2488, Time: 00:10:43

Health: -8/55      AC: 12    Str: 24    XL:     6   Next: 31%
Magic:  5/5        EV:  5    Int:  8    God:    Trog [**....]
Gold:   217        SH: 12    Dex:  9    Spells: 5/5 levels left

rFire   . . .      SeeInvis .   a - +0 spear
rCold   . . .      Faith    .   b - +5 kite shield of Sucol {Rampage *Slow Int+4 Stlth+}
rNeg    . . .      Spirit   .   k - +0 plate armour
rPois   .          Reflect  .   (helmet restricted)
rElec   .          Harm     .   (no cloak)
rCorr   .          Rampage  +   (no gloves)
Will    .....                   y - +0 pair of boots
Stlth   ..........              (no amulet)
HPRegen 0.18/turn               (no ring)
MPRegen 0.09/turn               (no ring)

@: on berserk cooldown
A: horns 2, retaliatory headbutt
a: Renounce Religion, Berserk, Trog's Hand


You were on level 3 of the Dungeon.
You worshipped Trog.
Trog was pleased with you.
You visited 1 branch of the dungeon, and saw 4 of its levels.

You collected 217 gold pieces.

Inventory:

Hand Weapons
 a - a +0 spear (weapon)
Missiles
 e - 66 stones (quivered)
 g - 4 poisoned darts
Armour
 b - the +5 kite shield of Sucol (worn) {Rampage *Slow Int+4 Stlth+}
   (You found it on level 2 of the Dungeon)

   Int:       It affects your intelligence (+4).
   *Slow:     It may slow you when you take damage.
   Rampage:   It bestows one free step when moving towards enemies.
   Stlth:     It makes you more stealthy.
 k - a +0 plate armour (worn)
 y - a +0 pair of boots (worn)
Jewellery
 p - a ring of fire
Scrolls
 d - a scroll of vulnerability {unknown}
 f - a scroll of acquirement {unknown}
 h - a scroll of immolation {unknown}
 i - 2 scrolls of blinking
 l - 2 scrolls of teleportation {unknown}
 r - a scroll of enchant armour {unknown}
 s - a scroll of amnesia {unknown}
 t - a scroll of magic mapping {unknown}
 x - a scroll of fear {unknown}
 z - a scroll of poison {unknown}
 A - a scroll of identify
Potions
 c - 3 potions of attraction {unknown}
 j - 2 potions of lignification
 m - a potion of ambrosia {unknown}
 n - 2 potions of heal wounds
 o - a potion of resistance {unknown}
 q - 2 potions of might {unknown}
 u - 3 potions of mutation {unknown}
 v - 3 potions of curing {unknown}
 w - a potion of degeneration {unknown}


   Skills:
 + Level 4.8 Fighting
 + Level 4.9 Polearms
 + Level 2.4 Throwing
 + Level 3.9 Armour
 + Level 3.7 Dodging
 + Level 2.3 Shields


You had 5 spell levels left.
You didn't know any spells.
Your spell library was empty.

Dungeon Overview and Level Annotations

Branches:
Dungeon (4/15)
 Temple: D:4-7

Altars:


Innate Abilities, Weirdness & Mutations

You have a pair of horns on your head.
You reflexively headbutt those who attack you in melee.


Message History

An ogre is nearby!
A hound comes into view.
The hound bites you but does no damage. The hound attacks as you move away!
The hound bites you. The ogre attacks as you move away!
The ogre hits you with a +0 giant club! The hound bites you but does no damage.
The ogre attacks as you move away! You block the ogre's attack.
The hound pauses to sniff the ground.
The hound bites you but does no damage. The ogre attacks as you move away!
The ogre hits you with a +0 giant club! The hound bites you but does no damage.
The hound bites you.
There is a stone staircase leading up here.
You can't go down here!
The hound bites you but does no damage. You block the ogre's attack.
You block the hound's attack.
You climb upwards.
There is a stone staircase leading down here.
You hit the ogre.
The ogre is lightly wounded.
You feel yourself speed up. You block the hound's attack.
The hound bites you but does no damage. The ogre hits you with a +0 giant club!
* * * LOW HITPOINT WARNING * * *
Blink to where?
Press: ? - help, Dir - move target
As you read the scroll of blinking, it crumbles to dust.
You block the hound's attack.
You hit the hound. You headbutt the hound!
The hound is heavily wounded.
You block the hound's attack. The hound bites you but does no damage.
You hit the hound.
The hound is almost dead.
The hound bites you but does no damage.
You hit the hound.
You kill the hound!
Trog accepts your kill.
You barely miss the ogre.
The ogre is lightly wounded.
The ogre hits you with a +0 giant club!
You die...

####.#..##......:#
.........####.#### ..##....#.#
#.# ######## .###.#...## #.#
#......######### .....##.#####.#
#.####.#.......# #######.......#
#.####.#.#####.#
#.##########....#.#.##.##.# ###.#
#........#.#...... #...#
#@#......#.......# #...#
#O#..............# #...#
#†#......##.....## ## #...#
#>#.##...###...## .# #...#
#)[......# ##.## .##
#...##########......######
..###..............##.##.....####
...................##.##..>......
..............................###


You could see an ogre.

Vanquished Creatures
  Eustachio (D:3)
  A scorpion (D:3)
  2 hounds (D:3)
  3 adders
  2 dart slugs
  4 ball pythons
  2 endoplasms
  2 giant cockroaches (D:2)
  15 goblins
  6 hobgoblins
  2 jackals (D:1)
  5 kobolds
  2 quokkas (D:1)
  3 bats
  2 frilled lizards
  3 rats
55 creatures vanquished.

Notes
Turn   | Place    | Note
-------+----------+-------------------------------------------
     0 | D:1      | siradein the Minotaur Berserker began the quest for the
                  | Orb.
     0 | D:1      | Reached XP level 1. HP: 19/19 MP: 0/0
   129 | D:1      | Reached XP level 2. HP: 22/27 MP: 1/1
   585 | D:1      | Found a faded altar of an unknown god.
   809 | D:2      | Identified the +5 kite shield of Sucol {Rampage *Slow Int+4
                  | Stlth+}
   996 | D:2      | Reached ** piety under Trog
  1177 | D:2      | Reached XP level 3. HP: 33/33 MP: 2/2
  1216 | D:2      | Reached skill level 1 in Throwing
  1715 | D:2      | Reached XP level 4. HP: 36/40 MP: 3/3
  2055 | D:3      | Reached skill level 1 in Shields
  2401 | D:4      | Noticed Eustachio
  2407 | D:4      | Noticed a scorpion
  2437 | D:3      | Killed a scorpion
  2438 | D:3      | Reached XP level 5. HP: 47/47 MP: 4/4
  2454 | D:3      | Killed Eustachio
  2455 | D:3      | Reached XP level 6. HP: 53/53 MP: 5/5
  2488 | D:3      | Mangled by an ogre

Illustrated notes

Levels and vault maps discovered:
D:1:      lemuel_arrival_broad_hall, layout_rooms,
          shapermc_ecumenical_altar_mp_vishouse
D:2:      cheibrodos_greedy_goblins, layout_loops_ring, minmay_unequal
D:3:      layout_loops_cross
D:4:      layout_cave_pools, nzn_wu_jian_contemplation,
          nicolae_overflow_crystal_walls, minmay_temple_entry_glass,
          uniq_eustachio, uniq_pikel, uniq_sigmund

Skill      XL: |  1  2  3  4  5 |
---------------+----------------+-----
Fighting       | 4 |  4.8
Polearms       | 4 |  4.9
Throwing       | 1 2 |  2.4
Armour         | 3 |  3.9
Shields        | 1 2 |  2.3
Dodging        | 3 |  3.7

Action                   |  1- 3 |  4- 6 || total
-------------------------+-------+-------++-------
Melee: Spear             |   126 |    49 ||   175
       Headbutt          |     8 |     5 ||    13
Throw: Stone             |     4 |       ||     4
Invok: Berserk           |       |     1 ||     1
  Use: Scroll            |       |     5 ||     5
Armor: Leather armour    |     3 |       ||     3
       Animal skin       |     2 |       ||     2
       Plate armour      |    26 |    21 ||    47
       Scale mail        |     1 |       ||     1
Dodge: Dodged            |    28 |    10 ||    38
Block: Kite shield       |    46 |    30 ||    76

Table legend: (Time is in decaauts)
 A = Elapsed time spent in this place.
 B = Non-inter-level travel time spent in this place.
 C = Inter-level travel time spent in this place.
 D = Time resting spent in this place.
 E = Time spent auto-exploring this place.
 F = Levels seen in this place.
 G = Mean time per level.
                   A        B        C        D        E       F      G
               +--------+--------+--------+--------+--------+-----+--------+
         Total |   2508 |   2418 |     90 |     11 |   1846 |   4 |  627.0 |
       Dungeon |   2508 |   2418 |     90 |     11 |   1846 |   4 |  627.0 |
               +--------+--------+--------+--------+--------+-----+--------+

Top non-repeatable levels by time:
     D:2: 1006 daAuts
     D:1: 811 daAuts
     D:3: 637 daAuts
     D:4: 52 daAuts
